[Event "Sabato rapido!"]
[Site "Chess.com"]
[Date "2020.05.16"]
[Round "1"]
[White "Mrtre7"]
[Black "APipitone"]
[Result "0-1"]
[WhiteElo "1469"]
[BlackElo "1865"]
[TimeControl "720+3"]
[EndTime "6:09:28 PDT"]
[Termination "APipitone ha vinto per abbandono"]

1. d4 Nf6 2. c4 e6 3. Nc3 d5 4. cxd5 exd5 5. Bg5 Be7 6. e3 O-O 7. Bd3 Nbd7 8. Nge2 c5 9. dxc5 Nxc5 10. Bxf6 Bxf6 11. Nxd5 Nxd3+ 12. Qxd3 Bxb2 13. Rb1 Qa5+ 14. Nec3 Bxc3+ 15. Nxc3 Rd8 16. Qc2 Bf5 17. e4 Bxe4 0-1

[Event "Sabato rapido!"]
[Site "Chess.com"]
[Date "2020.05.16"]
[Round "1"]
[White "crippo"]
[Black "OMatteoWuO"]
[Result "1-0"]
[WhiteElo "1523"]
[BlackElo "1175"]
[TimeControl "720+3"]
[EndTime "6:11:27 PDT"]
[Termination "crippo ha vinto per abbandono"]

1. e4 c5 2. Nc3 Nc6 3. Nf3 Nf6 4. Bb5 a6 5. Bxc6 dxc6 6. d3 Bg4 7. h3 Bxf3 8. Qxf3 e5 9. O-O Qc7 10. Bg5 Be7 11. Rad1 h6 12. Bh4 O-O-O 13. a3 g5 14. Bg3 Rh7 15. Qf5+ Kb8 16. Bxe5 Bd6 17. Bxf6 Rhh8 18. Bxd8 Rxd8 19. Rfe1 Bh2+ 20. Kh1 Bf4 21. e5 Re8 22. e6 fxe6 23. Rxe6 Rd8 24. Rde1 Ka7 25.
Qxc5+ Kb8 26. Re7 Bd6 27. Rxc7 Bxc5 28. Rf7 Ka8 29. Na4 Ba7 30. Ree7 Rb8 31. c4 h5 32. b4 g4 33. c5 gxh3 34. gxh3 h4 35. f4 1-0

[Event "Sabato rapido!"]
[Site "Chess.com"]
[Date "2020.05.16"]
[Round "1"]
[White "laremaro"]
[Black "sirmale49"]
[Result "1/2-1/2"]
[WhiteElo "1663"]
[BlackElo "1416"]
[TimeControl "720+3"]
[EndTime "6:16:22 PDT"]
[Termination "Partita patta per ripetizione di mosse"]

1. e4 d5 2. Nc3 d4 3. Nce2 e5 4. Ng3 g6 5. Nf3 Nc6 6. Bb5 Bd6 7. Bxc6+ bxc6 8. d3 Rb8 9. b3 Bb4+ 10. Bd2 Bxd2+ 11. Qxd2 f6 12. h4 Ne7 13. Qh6 Kd7 14. Qg7 Qf8 15. Qxf8 Rxf8 16. O-O h6 17. Nd2 f5 18. f4 fxe4 19.
fxe5 Rxf1+ 20. Rxf1 e3 21. Nde4 Nd5 22. Nf6+ Nxf6 23.
Rxf6 Ke7 24. Rxg6 Be6 25. Rg7+ Kf8 26. Rxc7 Bd5 27. Rh7 Kg8 28. Rxa7 Rf8 29. e6 Bxe6 30. Re7 Bd5 31. a4 Rf2 32. Ne4 Rxc2 33. Nf6+ Kf8 34. Nxd5 cxd5 35. Re5 Rc3 36. b4 Rxd3 37. b5 Ra3 38. Rxd5 Rxa4 39. b6 Rb4 40. b7 Ke7 41. Rxd4 Rxb7 42. Re4+ Kf6 43. Rxe3 Kf5 44. Rf3+ Kg4 45.
Rf6 Kg3 46. Rg6+ Kxh4 47. Rxh6+ Kg3 48. Rg6+ Kh4 49. Kh2 Kh5 50. Rg8 Rb2 51. Kh3 Rc2 52. g4+ Kh6 53. Kh4 Rh2+ 54. Kg3 Ra2 55. Kh4 Rh2+ 56.
Kg3 Ra2 57. Kh4 Rh2+ 1/2-1/2

[Event "Sabato rapido!"]
[Site "Chess.com"]
[Date "2020.05.16"]
[Round "1"]
[White "SanSecondoPR"]
[Black "pedrak"]
[Result "0-1"]
[WhiteElo "1248"]
[BlackElo "1659"]
[TimeControl "720+3"]
[EndTime "6:16:33 PDT"]
[Termination "pedrak ha vinto per abbandono"]

1. e4 d5 2. Nf3 dxe4 3. Ng5 Nf6 4. d3 Bf5 5. Be2 exd3 6. cxd3 h6 7. Nf3 c6 8. Qb3 Qb6 9. O-O e6 10. Nc3 Qxb3 11.
axb3 Nbd7 12. Nd4 Bg6 13. Be3 Be7 14. Nf3 a6 15. Na4 O-O 16. Nb6 Nxb6 17. Bxb6 Nd5 18. Bd4 f6 19. Nh4 Bh7 20. f3 Nf4 21. Rae1 e5 22.
Bc3 Nxd3 23. Bxd3 Bxd3 24. Rf2 Bc5 25. Rd1 Bc2 26. Rd2 Bxb3 27. Rd7 Rf7 28. Rxf7 Kxf7 29.
Kf1 Bxf2 30. Kxf2 Rd8 31. Nf5 c5 32. h4 b5 33. Ba5 Rd7 34. g4 b4 35. g5 hxg5 36.
hxg5 Kg6 37. Ng3 Rd2+ 38. Ke3 Rxb2 39. gxf6 gxf6 40. Ne4 Rc2 41. Kd3 f5 42. Nd6 Rc3+ 43.
Kd2 Rxf3 44. Bc7 e4 45. Ke2 Bd5 46. Nb7 Bxb7 0-1

[Event "Sabato rapido!"]
[Site "Chess.com"]
[Date "2020.05.16"]
[Round "1"]
[White "fausto2p"]
[Black "sergiodone"]
[Result "0-1"]
[WhiteElo "1171"]
[BlackElo "1477"]
[TimeControl "720+3"]
[EndTime "6:17:25 PDT"]
[Termination "sergiodone ha vinto per abbandono"]

1. d4 c5 2. d5 d6 3. c4 b5 4. cxb5 a6 5. e4 Nd7 6. Nf3 g6 7. Nc3 Bg7 8. Rb1 Ngf6 9. a4 O-O 10. b3 Qa5 11. Bd2 Qb6 12. bxa6 Bxa6 13. Bxa6 Qxa6 14. Nb5 Rfc8 15. O-O Nxe4 16. Be3 Ndf6 17. Ng5 Qb7 18. Nxe4 Nxe4 19. f3 Nf6 20. Nc3 Qa6 21.
Re1 Re8 22. Nb5 Qb7 23. Nc3 Nd7 24. Nb5 Ne5 25. Qd2 Qd7 26. Qd3 Nxd3 0-1

[Event "Sabato rapido!"]
[Site "Chess.com"]
[Date "2020.05.16"]
[Round "2"]
[White "APipitone"]
[Black "crippo"]
[Result "1-0"]
[WhiteElo "1912"]
[BlackElo "1519"]
[TimeControl "720+3"]
[EndTime "6:26:29 PDT"]
[Termination "APipitone ha vinto per scaccomatto"]

1. e4 e5 2. Nf3 Nc6 3. Bb5 d6 4. d4 Bg4 5. dxe5 Bxf3 6. Qxf3 dxe5 7. Be3 Nf6 8. Nc3 Be7 9. Rd1 Qc8 10. h3 O-O 11. O-O Bd6 12. g4 a6 13. Ba4 h6 14.
Ne2 Nh7 15. Ng3 Ng5 16. Bxg5 hxg5 17. Nf5 f6 18. Bb3+ Kh8 19. Rxd6 cxd6 20. Nxd6 Qc7 21. Nf5 Nd4 22. Nxd4 exd4 23. Qf5 Qe5 24. Qg6 Rae8 25. Qh5# 1-0

[Event "Sabato rapido!"]
[Site "Chess.com"]
[Date "2020.05.16"]
[Round "2"]
[White "OMatteoWuO"]
[Black "SanSecondoPR"]
[Result "0-1"]
[WhiteElo "1165"]
[BlackElo "1258"]
[TimeControl "720+3"]
[EndTime "6:31:46 PDT"]
[Termination "SanSecondoPR ha vinto per abbandono"]

1. d4 d5 2. c4 e5 3. dxe5 d4 4. Nf3 Nc6 5. Bf4 Nge7 6. Nbd2 Ng6 7. Bg3 h5 8. h4 Be7 9. Nb3 Bb4+ 10. Nbd2 Bg4 11. a3 Be7 12. Nb3 Bxf3 13. exf3 Ngxe5 14. Bxe5 Nxe5 15. Qxd4 Bf6 16. Qxd8+ Rxd8 17. Be2 O-O 18. O-O Bxh4 19. Nc5 b6 20. Ne4 f5 21. Nc3 Rd2 22. f4 Nc6 23. Rad1 Rxb2 24. g3 Bf6 25. Bf3 Nd4 26. Bd5+ Kh7 27. Kg2 c6 28. Bf3 Nxf3 29. Kxf3 Bxc3 30. Rh1 g6 31. Rd7+ Kh6 32. Rxa7 Bd4 33.
Rf1 b5 34. Kg2 0-1

[Event "Sabato rapido!"]
[Site "Chess.com"]
[Date "2020.05.16"]
[Round "2"]
[White "pedrak"]
[Black "sergiodone"]
[Result "1-0"]
[WhiteElo "1664"]
[BlackElo "1473"]
[TimeControl "720+3"]
[EndTime "6:38:39 PDT"]
[Termination "pedrak ha vinto per abbandono"]

1. d4 Nf6 2. Nf3 c5 3. e3 b6 4.
Nbd2 Bb7 5. b3 d6 6. Bd3 Nbd7 7. O-O g6 8. Bb2 Bg7 9. c4 O-O 10. Qc2 Rc8 11. d5 a6 12. Rfe1 b5 13. e4 b4 14.
Rad1 a5 15. e5 dxe5 16. Nxe5 Nxe5 17. Bxe5 Ng4 18. Bxg7 Kxg7 19. h3 Nf6 20. Re3 Qd6 21.
Rde1 Rc7 22. Qb2 Bc8 23. Ne4 Qb6 24. d6 Rd7 25. Rf3 Rxd6 26. Nxd6 Qxd6 27. Rd1 Qb6 28. Be4 Bb7 29. Bxb7 Qxb7 30. Qe5 Rc8 31. Rd5 Qc7 32. Qxc7 Rxc7 33. Re5 e6 34. Rd3 h5 35. Rd6 Ra7 36. f3 a4 37. Rxc5 axb3 38. axb3 Ra3 39. Rd3 h4 40. Rb5 Ra1+ 41. Kf2 Nh5 42. Rd2 Ng3 43. Rxb4 Rf1+ 44. Ke3 f5 45. Kd4 Ne2+ 46. Kc5 Nf4 47. Kb5 Rc1 48. Ra4 Kf6 49. Ra6 Rc3 50. b4 Nd3 51. c5 Ne5 52. Rdd6 Kg5 53. Rxe6 Kf4 54. Rxe5 Kxe5 55. Rxg6 f4 56. Kb6 Kf5 57. Rg4 Rc2 58.
c6 Rb2 59. b5 Ke6 60. Rxf4 1-0

[Event "Sabato rapido!"]
[Site "Chess.com"]
[Date "2020.05.16"]
[Round "2"]
[White "sirmale49"]
[Black "Mrtre7"]
[Result "1/2-1/2"]
[WhiteElo "1417"]
[BlackElo "1467"]
[TimeControl "720+3"]
[EndTime "6:39:21 PDT"]
[Termination "Patta d'accordo"]

1. e4 c5 2. f4 g6 3. Nf3 Bg7 4.
Nc3 e6 5. d4 cxd4 6. Nxd4 Nc6 7. Be3 Nge7 8. Bb5 O-O 9. O-O Qb6 10. Nf5 Qd8 11. Nxg7 Kxg7 12. f5 exf5 13. Bd4+ Kg8 14.
Bc5 Re8 15. Nd5 Nxd5 16. exd5 Ne5 17. Re1 a6 18. Ba4 b5 19. Bb3 d6 20. Bd4 Bb7 21.
Bxe5 Rxe5 22. Rxe5 dxe5 23. c4 bxc4 24. Bxc4 Rc8 25.
b3 Qd6 26. Qf3 e4 27. Qg3 Qxg3 28. hxg3 Rd8 29. Rd1 Kg7 30. Kf2 Kf6 31. Ke3 Ke5 32.
d6 Rxd6 33. Rxd6 Kxd6 34. Bxf7 Ke5 35. Bg8 h6 36. Bh7 g5 37. Bg6 f4+ 38. gxf4+ gxf4+ 39. Ke2 e3 40. g3 Be4 41. gxf4+ Kxf4 42. Bh5 Bf5 43. a3 Bg4+ 44. Bxg4 Kxg4 45. Kxe3 Kg3 46. Ke2 h5 47. Kf1 Kh2 48. b4 Kg3 49. Kg1 Kf4 50. a4 Ke5 51. b5 axb5 52. axb5 Kd6 1/2-1/2

[Event "Sabato rapido!"]
[Site "Chess.com"]
[Date "2020.05.16"]
[Round "2"]
[White "fisherpez"]
[Black "laremaro"]
[Result "1/2-1/2"]
[WhiteElo "1517"]
[BlackElo "1658"]
[TimeControl "720+3"]
[EndTime "6:48:11 PDT"]
[Termination "Partita patta per ripetizione di mosse"]

1. e3 d5 2. b3 Bf5 3. Bb2 e6 4. Nf3 Nf6 5. d3 Be7 6. Nbd2 c5 7. d4 Nc6 8. dxc5 Bxc5 9. Bb5 O-O 10.
Bxc6 bxc6 11. O-O Bd6 12. Ne5 Qc7 13. f4 Rad8 14. Ndf3 h6 15. Qc1 Ne4 16. Nh4 Bh7 17. c4 Rc8 18. Rd1 Qe7 19. Nhf3 Rfd8 20. a3 Qb7 21. b4 a6 22. c5 Bc7 23. Nd2 a5 24.
Nxe4 Bxe4 25. Qc3 axb4 26. axb4 f6 27. Ng4 Rf8 28. Nf2 Bg6 29. Ra4 Ra8 30. Rda1 Rxa4 31. Rxa4 Ra8 32. Rxa8+ Qxa8 33. Ng4 Bd8 34. h3 Qa4 35.
Nf2 Kf7 36. Kh2 Qa2 37. h4 Qa4 38. g4 Qc2 39. Kg3 Qxc3 40. Bxc3 Bc7 41. Kf3 h5 42. g5 Bf5 43. Kg3 e5 44. Kf3 Ke6 45. Kg3 Bc2 46.
Kf3 Kf5 47. gxf6 gxf6 48. fxe5 fxe5 49. Bd2 Bd8 50. Kg3 d4 51. exd4 exd4 52. Nh3 Ke5 53. Nf4 Bd1 54. Ng6+ Kd5 55. Nf8 Kc4 56. Nd7 Kd3 57. Bg5 Bc7+ 58. Kf2 Bg4 59. Nf6 Bd1 60. Ke1 Kc2 61. Ne4 Bf3 62. Nd2 Bg3+ 63. Kf1 Kc3 64. Nxf3 Kxb4 65. Be7 d3 66. Nd2 Bxh4 67. Bxh4 Kxc5 68. Kf2 Kd4 69. Nf3+ Ke4 70. Bg5 c5 71. Nd2+ Kd4 72. Nf3+ Ke4 73. Nd2+ Kd4 74. Nf3+ Ke4 1/2-1/2

[Event "Sabato rapido!"]
[Site "Chess.com"]
[Date "2020.05.16"]
[Round "3"]
[White "laremaro"]
[Black "SanSecondoPR"]
[Result "0-1"]
[WhiteElo "1634"]
[BlackElo "1281"]
[TimeControl "720+3"]
[EndTime "7:06:18 PDT"]
[Termination "SanSecondoPR ha vinto per abbandono"]

1. d4 d5 2. c4 e5 3. dxe5 d4 4.
Nf3 Nc6 5. g3 Bg4 6. Bg2 Nge7 7.
a3 Ng6 8. Bg5 Be7 9. Bxe7 Qxe7 10. Nbd2 O-O-O 11. b4 d3 12. e3 Ncxe5 13. h3 Nxf3+ 14.
Bxf3 Bxf3 15. Qxf3 Ne5 16. Qf5+ Rd7 17. O-O-O g6 18. Qe4 f5 19. Qf4 Rf8 20. h4 Qg7 21.
Nb1 Rfd8 22. Kd2 Ng4 23. Nc3 Nf6 24. Qe5 Re7 25. Qa5 Kb8 26. f3 Nd7 27. c5 Ne5 0-1

[Event "Sabato rapido!"]
[Site "Chess.com"]
[Date "2020.05.16"]
[Round "3"]
[White "crippo"]
[Black "sirmale49"]
[Result "0-1"]
[WhiteElo "1503"]
[BlackElo "1427"]
[TimeControl "720+3"]
[EndTime "7:08:15 PDT"]
[Termination "sirmale49 ha vinto per abbandono"]

1. e4 d5 2. exd5 Qxd5 3. d4 c6 4. Nc3 Qd6 5. Nf3 Bg4 6. Be2 Nf6 7. O-O Nbd7 8. h3 Bf5 9. Nh4 Bg6 10. Bf3 e6 11.
Re1 Nb6 12. Ne4 Nxe4 13. Bxe4 Bxe4 14. Rxe4 Be7 15. Nf3 Nd5 16. c4 Nf6 17. Bf4 Qd8 18. Re5 Bd6 19. Qb3 Rb8 20. Bg5 h6 21. Bxf6 Qxf6 22. Ra5 a6 23. c5 Bc7 24. Ra4 O-O 25. Re1 Rfd8 26. Ra3 Rd5 27. Qe3 g5 28. Qe4 Qf5 29.
Rd3 Rbd8 30. a3 b6 31. b4 bxc5 32. bxc5 Qf4 33. Qxf4 Bxf4 34. Rb3 Bc7 35. Rb7 R8d7 36. Ra7 a5 37. Ra8+ Kg7 38. Rb1 e5 39. dxe5 Rd1+ 40.
Rxd1 Rxd1+ 41. Kh2 Rd5 42. Re8 Rxc5 43. g3 Rc3 44.
Kg2 Rxa3 45. e6 Bd6 46. Rd8 Be7 47. Rd7 Kf6 48. exf7 Kxf7 49. Nd4 Ke8 50. Rb7 c5 51. Nb5 Ra1 52. Nc7+ Kf8 53. Ne6+ Kf7 54. Nd8+ Ke8 55. Nc6 Re1 56. Nxa5 Kf8 57. Nc4 Bf6 58. Nd6 Bd4 59.
Rf7+ Kg8 60. Rf5 Kg7 61. Rd5 Kf6 62. Nb7 Ke6 63. Rd7 0-1

[Event "Sabato rapido!"]
[Site "Chess.com"]
[Date "2020.05.16"]
[Round "3"]
[White "Mrtre7"]
[Black "fausto2p"]
[Result "0-1"]
[WhiteElo "1444"]
[BlackElo "1195"]
[TimeControl "720+3"]
[EndTime "7:13:05 PDT"]
[Termination "fausto2p ha vinto per abbandono"]

1. d4 d5 2. c4 c6 3. Nc3 Nf6 4. Nf3 dxc4 5. a4 e6 6. e3 Bb4 7.
Bxc4 Ne4 8. Qc2 Qa5 9. Bd2 Nxd2 10. Nxd2 O-O 11. O-O Nd7 12. Nde4 Bxc3 13. bxc3 Qh5 14. Ng3 Qh6 15. e4 Nb6 16. Bd3 a5 17. Rae1 Bd7 18.
f4 Rfc8 19. f5 c5 20. Qf2 cxd4 21. fxe6 Bxe6 22. cxd4 Rc3 23. d5 Nxd5 24. exd5 Bxd5 25. Bb5 Rac8 26. Re8+ Rxe8 27. Bxe8 Qg6 28. Qd4 Rd3 29.
Qe5 Rd2 30. Bb5 Rxg2+ 31. Kh1 Rd2+ 32. Kg1 Qb6+ 0-1

[Event "Sabato rapido!"]
[Site "Chess.com"]
[Date "2020.05.16"]
[Round "3"]
[White "pedrak"]
[Black "APipitone"]
[Result "1/2-1/2"]
[WhiteElo "1668"]
[BlackElo "1828"]
[TimeControl "720+3"]
[EndTime "7:14:57 PDT"]
[Termination "Patta per materiale insufficiente"]

1. d4 Nf6 2. Nf3 d5 3. Bf4 g6 4.
h3 Bg7 5. e3 Nc6 6. Be2 O-O 7.
O-O Re8 8. Ne5 Nxe5 9. Bxe5 Ne4 10. Bxg7 Kxg7 11. c4 c6 12. Qc2 f5 13. f3 Ng3 14. Re1 h5 15. Nc3 e6 16. Rad1 Qg5 17.
e4 fxe4 18. fxe4 Qe3+ 19. Kh2 dxe4 20. Bf3 Qf4 21. Nxe4 Nxe4+ 22. Kg1 Ng3 23. Qd3 e5 24. dxe5 Bxh3 25. gxh3 Nf5 26. Bg2 Rad8 27. Qc3 Kh7 28. e6 Rxd1 29. Rxd1 Ne3 30. Rd7+ Kh6 31. Rf7 Nf5 32.
Qe1 Qd4+ 33. Kh1 Qf4 34. e7 Ng3+ 35. Kg1 Qxf7 36. Qxg3 Rxe7 37. h4 Qf5 38. Qd6 Re1+ 39. Kh2 Qe5+ 40. Qxe5 Rxe5 41. b4 Re2 42. a4 Re4 43. b5 cxb5 44. Bxe4 bxa4 45. Bxb7 a3 46. c5 a2 47. c6 a1=Q 48. Kg3 Qe5+ 49. Kf3 Qf5+ 50.
Ke3 Qe5+ 51. Kd3 g5 52. hxg5+ Kxg5 53. Kc4 h4 54. Bc8 h3 55. Bxh3 Qd6 56. Bd7 a5 57.
Kb5 Qb4+ 58. Ka6 a4 59. c7 a3 60. c8=Q a2 61. Qg8+ Kf6 62. Qxa2 Qd6+ 63. Ka5 Qxd7 64. Qf2+ Kg5 65. Qg3+ Qg4 66. Qxg4+ Kxg4 1/2-1/2

[Event "Sabato rapido!"]
[Site "Chess.com"]
[Date "2020.05.16"]
[Round "3"]
[White "sergiodone"]
[Black "fisherpez"]
[Result "0-1"]
[WhiteElo "1466"]
[BlackElo "1540"]
[TimeControl "720+3"]
[EndTime "7:16:09 PDT"]
[Termination "fisherpez ha vinto per tempo"]

1. e4 e6 2. d4 b6 3. Nf3 Bb7 4. Bd3 Nf6 5. Qe2 Nc6 6. c3 Be7 7. h3 a5 8. Na3 Bxa3 9. bxa3 O-O 10. O-O Ne7 11. Rb1 Ng6 12. h4 Ne8 13. h5 Ne7 14. h6 g6 15. Bg5 f6 16. Bh4 Rf7 17. e5 Bxf3 18. Qxf3 f5 19. Qf4 Qc8 20. Bc4 Kf8 21.
d5 Nxd5 22. Bxd5 exd5 23. Qd4 c5 24. Qxd5 Qc6 25. Qd2 Nc7 26. c4 Ne6 27. Bf6 Kg8 28.
Qb2 Rb8 29. Rfd1 Nd4 30. f3 Rff8 31. Re1 Qe6 32. Rbc1 Rfe8 33. f4 Qc6 34. Qf2 Qa4 35. e6 Nxe6 36. Re3 Rf8 37. Be5 Rbe8 38. Rd3 Rf7 39. Qb2 Qc6 40. Rd6 Qe4 41. Rcd1 Nxf4 42. Bxf4 Qxf4 43. Qxb6 Qe3+ 44. Kh1 Qxh6+ 45. Kg1 Qe3+ 46.
Kh1 Ree7 47. Qxa5 Qh6+ 48. Kg1 Kg7 49. Qc3+ Kg8 50. Qd3 Qf4 51. a4 Qe5 52. a5 Qb2 0-1

[Event "Sabato rapido!"]
[Site "Chess.com"]
[Date "2020.05.16"]
[Round "4"]
[White "OMatteoWuO"]
[Black "laremaro"]
[Result "0-1"]
[WhiteElo "1163"]
[BlackElo "1636"]
[TimeControl "720+3"]
[EndTime "7:21:06 PDT"]
[Termination "laremaro ha vinto per abbandono"]

1. d4 Nf6 2. c4 d6 3. Nc3 Nbd7 4. e4 e5 5. d5 Nc5 6. Qc2 a5 7. Nf3 Be7 8. h3 O-O 9. Be2 g6 10. Bg5 Nh5 11. Bxe7 Qxe7 12. g4 Nf4 13. a3 a4 14.
O-O Nxh3+ 15. Kh2 Nf4 16. Nb5 Bxg4 17. Rg1 Bxf3 0-1

[Event "Sabato rapido!"]
[Site "Chess.com"]
[Date "2020.05.16"]
[Round "4"]
[White "sergiodone"]
[Black "crippo"]
[Result "0-1"]
[WhiteElo "1459"]
[BlackElo "1514"]
[TimeControl "720+3"]
[EndTime "7:26:35 PDT"]
[Termination "crippo ha vinto per abbandono"]

1. e4 e5 2. d4 exd4 3. Qxd4 Nc6 4. Qe3 Bb4+ 5. c3 Ba5 6. f4 Nf6 7. h3 Bb6 8. Qf3 O-O 9. Bd3 Re8 10. Nd2 d5 11. e5 Nxe5 12. fxe5 Rxe5+ 13. Kd1 c6 14. Ne2 Be6 15. g4 Re3 16. Qf4 Rxd3 17. Nd4 Ne4 18.
Kc2 Bc7 19. Qf1 Rg3 20. Nxe6 fxe6 21. Nf3 Qf6 22. Nd4 Qg6 23. Kb3 c5 24. Nb5 c4+ 25. Ka4 Qe8 26. Bf4 Bxf4 27. Qxf4 a6 28. Kb4 0-1

[Event "Sabato rapido!"]
[Site "Chess.com"]
[Date "2020.05.16"]
[Round "4"]
[White "fausto2p"]
[Black "pedrak"]
[Result "0-1"]
[WhiteElo "1193"]
[BlackElo "1669"]
[TimeControl "720+3"]
[EndTime "7:34:46 PDT"]
[Termination "pedrak ha vinto per abbandono"]

1. d4 d5 2. c4 dxc4 3. Nf3 Nf6 4. Nc3 c6 5. a4 e6 6. e4 Bb4 7. Bxc4 Nxe4 8. Qc2 Nf6 9. O-O O-O 10. Bg5 Be7 11.
Rad1 Nbd7 12. b4 b6 13. b5 Bb7 14. Rfe1 cxb5 15. Nxb5 Bxf3 16. gxf3 Rc8 17. Nxa7 Ra8 18. Nc6 Qe8 19. Nxe7+ Qxe7 20. d5 Nc5 21. d6 Qb7 22.
Bxf6 gxf6 23. Bb5 Qxf3 24. Re3 Qf4 25. Rg3+ Kh8 26. d7 Ne4 27. Rh3 Qg4+ 28. Rg3 Nxg3 29.
hxg3 Rad8 30. Kg2 Rg8 31. Rh1 f5 32. Rh4 Qg7 33. Qc6 Rb8 34. Qd6 Qf6 35. Qd3 Qxh4 0-1

[Event "Sabato rapido!"]
[Site "Chess.com"]
[Date "2020.05.16"]
[Round "4"]
[White "SanSecondoPR"]
[Black "fisherpez"]
[Result "0-1"]
[WhiteElo "1276"]
[BlackElo "1549"]
[TimeControl "720+3"]
[EndTime "7:37:13 PDT"]
[Termination "fisherpez ha vinto per abbandono"]

1. e4 e6 2. d4 b6 3. Bc4 Bb7 4. Nc3 Bb4 5. Qg4 g6 6. e5 h5 7.
Qg3 Nh6 8. Bd3 Bxc3+ 9. bxc3 Nf5 10. Bxf5 exf5 11. Nf3 Qe7 12. a4 Be4 13. Ba3 Qe6 14. Rc1 Qa2 15. O-O Qxa3 16. e6 dxe6 17. Qe5 O-O 18. Qxc7 Bxf3 19. gxf3 Qxa4 20. Kh1 Qc6 21. Qf4 Nd7 22. Rg1 Nf6 23. Rg5 Rfd8 24. Rcg1 Kf8 25. R5g3 Qxc3 26. Qh6+ Ke7 27. Rxg6 fxg6 28. Qg7+ Kd6 29.
Qxf6 Qxf3+ 30. Rg2 Qe4 31. d5 Qxd5 32. Qb2 Kc6 33.
Qc3+ Kb7 34. h3 g5 35. f3 g4 36. Rf2 gxh3 37. Qg7+ Rd7 38. Qg3 e5 39. Qxh3 f4 40. c4 Qd4 41. Qh4 Rg8 42. c5 Qd1+ 43. Kh2 Qg1+ 44.
Kh3 Rg3+ 0-1

[Event "Sabato rapido!"]
[Site "Chess.com"]
[Date "2020.05.16"]
[Round "4"]
[White "APipitone"]
[Black "sirmale49"]
[Result "0-1"]
[WhiteElo "1606"]
[BlackElo "1441"]
[TimeControl "720+3"]
[EndTime "7:47:33 PDT"]
[Termination "sirmale49 ha vinto per tempo"]

1. e4 d5 2. exd5 Qxd5 3. Nc3 Qd6 4. d4 c6 5. Nf3 Bg4 6. Be2 Nf6 7. Be3 e6 8. O-O Nbd7 9. Re1 Be7 10. h3 Bf5 11. g4 Bg6 12. Nh4 Nd5 13. Nxd5 cxd5 14. Bd3 Bxh4 15. Bxg6 hxg6 16. Kg2 Bf6 17. f4 Kf8 18. Rh1 Nb6 19. b3 Rc8 20. Qe2 a5 21. Rac1 a4 22. Qf2 axb3 23. axb3 Bh4 24. Qe2 f5 25. g5 Kf7 26.
Rhd1 Rc7 27. Qd3 Rhc8 28. c3 Ke7 29. Rd2 Rc6 30. Rdc2 Nd7 31. c4 dxc4 32. bxc4 e5 33. Kf1 Bg3 34. Kg2 Bxf4 35. Bxf4 exf4 36. Re2+ Kf8 37. d5 Nc5 38. Qd4 Ne4 39. Qd3 Rc5 40. Rb2 Nxg5 41. Rxb7 f3+ 42. Kh1 Qg3 43. Qf1 Nxh3 44.
Rc3 Nf4 45. Rxf3 Qh4+ 46. Kg1 Rxc4 47. Rb1 Qg4+ 48. Kh1 Rd4 49. d6 Rd8 50. Qf2 R8xd6 51. Rb8+ Kf7 52. Qa2+ Kf6 53. Rf8+ Kg5 54. Qg2 Rd1+ 55.
Rf1 Rxf1+ 56. Qxf1 Qh4+ 57. Kg1 Nh3+ 58. Kh1 Qe4+ 59.
Kh2 Qe3 60. Qxh3 Qxh3+ 61. Kxh3 Rd3+ 62. Kg2 f4 63. Ra8 Kg4 64. Ra4 Kg5 65. Kf2 Rd5 0-1

[Event "Sabato rapido!"]
[Site "Chess.com"]
[Date "2020.05.16"]
[Round "5"]
[White "sirmale49"]
[Black "pedrak"]
[Result "0-1"]
[WhiteElo "1438"]
[BlackElo "1673"]
[TimeControl "720+3"]
[EndTime "7:56:10 PDT"]
[Termination "pedrak ha vinto per abbandono"]

1. b3 d5 2. Bb2 Bf5 3. Nf3 c6 4.
e3 e6 5. c4 Nf6 6. Nd4 Bg6 7.
Nc3 Be7 8. Nf3 Nbd7 9. Be2 O-O 10. O-O Re8 11. d4 Ne4 12. Nxe4 Bxe4 13. Ne5 f6 14.
Nxd7 Qxd7 15. f3 Bg6 16. c5 e5 17. dxe5 fxe5 18. Bxe5 Bxc5 19. Bd4 Qe7 20. Kf2 Bxd4 21. exd4 Qe3+ 22. Ke1 Bd3 23. Rf2 Qxd4 24. Kf1 Bxe2+ 25. Rxe2 Rxe2 26. Qxe2 Qxa1+ 27. Kf2 0-1

[Event "Sabato rapido!"]
[Site "Chess.com"]
[Date "2020.05.16"]
[Round "5"]
[White "crippo"]
[Black "SanSecondoPR"]
[Result "1-0"]
[WhiteElo "1519"]
[BlackElo "1271"]
[TimeControl "720+3"]
[EndTime "8:05:39 PDT"]
[Termination "crippo ha vinto per abbandono"]

1. e4 e5 2. Nf3 Nc6 3. Bc4 Nf6 4. d3 Be7 5. Nc3 O-O 6. Be3 h6 7. Qd2 d6 8. O-O-O Bg4 9. h3 Be6 10. g4 Bxc4 11. dxc4 Qe8 12. g5 Nd7 13. gxh6 g6 14. h4 Nf6 15. h5 Nxh5 16. Rxh5 gxh5 17. Rg1+ Kh7 18. Rg7+ Kh8 19. Bg5 f6 20. Bh4 Rf7 21. Nd5 Rxg7 22. hxg7+ Kxg7 23. Qe1 Qg6 24. Nxc7 Re8 25.
Bg3 Bd8 26. Nh4 Qg5+ 27. f4 exf4 28. Nxe8+ Kh8 29. Bf2 Ne5 30. Nxd6 Be7 31. Ndf5 Bf8 32.
c5 Kh7 33. Kb1 Ng4 34. Bd4 Ne3 35. Bxe3 fxe3 36. Qxe3 Qg4 37. b4 Qd1+ 38. Kb2 a5 39. a3 axb4 40. axb4 b6 41. Qb3 Qd7 42. c6 Qc7 43. b5 Qe5+ 44. Ka2 Qc7 45. Qe6 Qa7+ 46. Kb1 Bg7 47. Qd7 1-0

[Event "Sabato rapido!"]
[Site "Chess.com"]
[Date "2020.05.16"]
[Round "5"]
[White "fisherpez"]
[Black "APipitone"]
[Result "0-1"]
[WhiteElo "1532"]
[BlackElo "1682"]
[TimeControl "720+3"]
[EndTime "8:05:59 PDT"]
[Termination "APipitone ha vinto per abbandono"]

1. e3 e5 2. b3 d5 3. Bb2 Nc6 4. Bb5 Bd7 5. Bxc6 bxc6 6. Bxe5 Nf6 7. Qf3 Be7 8. Qe2 O-O 9. Bxf6 Bxf6 10. d4 Re8 11. Nf3 c5 12. c3 cxd4 13. cxd4 c5 14. Qd2 cxd4 15. Nxd4 Qb6 16. O-O Rac8 17. Nc3 Qb4 18.
Nb1 Qxd2 19. Nxd2 Rc3 20. h3 Rec8 21. Rad1 Rc2 22. Nxc2 Rxc2 23. a4 Be6 24. Nf3 Rb2 25. Rb1 Ra2 26. Nd4 g6 27. Rfc1 Kg7 28. Nxe6+ fxe6 29. Rc7+ Kh6 30. Rxa7 d4 31. exd4 Bxd4 32. Rf1 Bxa7 33.
Rb1 Kg5 34. b4 Bxf2+ 35. Kh1 Rxa4 36. b5 Bb6 37. g3 Ra2 38. Rb3 e5 39. Rd3 Rb2 40.
Rd5 Bd4 41. Rd7 Rxb5 42. Rxh7 Rb1+ 43. Kg2 Rg1+ 44. Kh2 Rd1 45. Rh4 Rd2+ 46. Kh1 Kf5 47. Rh8 Ke4 48. h4 Kf3 49. Rf8+ Kxg3 50. Rf3+ Kxf3 51. h5 Kg3 0-1

[Event "Sabato rapido!"]
[Site "Chess.com"]
[Date "2020.05.16"]
[Round "5"]
[White "laremaro"]
[Black "fausto2p"]
[Result "1/2-1/2"]
[WhiteElo "1625"]
[BlackElo "1205"]
[TimeControl "720+3"]
[EndTime "8:08:48 PDT"]
[Termination "Partita patta per ripetizione di mosse"]

1. e4 e6 2. d3 d5 3. Nd2 c5 4.
Ngf3 Nc6 5. g3 Nf6 6. Bg2 Rb8 7.
O-O dxe4 8. dxe4 e5 9. Nc4 Qc7 10. a4 Be7 11. Re1 O-O 12. c3 Rd8 13. Qc2 Be6 14.
Ne3 Na5 15. Ng5 Bb3 16. Qe2 h6 17. Nf3 Be6 18. Nh4 Nb3 19. Rb1 Rd7 20. Nhf5 Nxc1 21. Rbxc1 Rbd8 22. Nxe7+ Rxe7 23. Rcd1 Red7 24. Rxd7 Rxd7 25.
Rd1 Rxd1+ 26. Qxd1 Qb6 27. Nd5 Qxb2 28. Nxf6+ gxf6 29. h4 Qxc3 30. Qd8+ Kg7 31. Qd1 Qd4 32. Qe2 Qxa4 33. Kh2 Qd4 34. Bh3 c4 35. Bxe6 fxe6 36.
Qg4+ Kh7 37. Qxe6 Qxf2+ 38. Kh3 Qf1+ 39. Kh2 Qe2+ 40. Kh3 Qxe4 41. Qf7+ Kh8 42. Qf8+ Kh7 43. Qf7+ Kh8 44. Qf8+ Kh7 45. Qf7+ 1/2-1/2